 Dungeon Crawl Stone Soup version 0.21.1-1-g345015f (webtiles) character file.

673 suicidejoker the Insei (level 7, -4/50 HPs)
             Began as an Octopode Monk on Mar 28, 2018.
             Slain by an orc
             ... wielding a +0 hand axe
              (6 damage)
             ... on level 5 of the Dungeon.
             The game lasted 00:11:25 (6294 turns).

suicidejoker the Insei (Octopode Monk)              Turns: 6294, Time: 00:11:25

Health: -4/50      AC:  1    Str: 12    XL:     7   Next: 59%
Magic:  7/7        EV: 16    Int: 17    God:
Gold:   276        SH:  0    Dex: 17    Spells: 6/6 levels left

rFire    . . .     SeeInvis .   s - +4 spear
rCold    . . .     Gourm    .   (no shield)
rNeg     . . .     Faith    .   (helmet restricted)
rPois    +         Spirit   .   (no amulet)
rElec    .         Reflect  .   l - ring of flight
rCorr    .         Harm     .   (no ring)
MR       .....     Rnd*Rage +   (no ring)
Stlth    +++.......             (no ring)
HPRegen  0.16/turn              (no ring)
MPRegen  0.10/turn              (no ring)
                                (no ring)
                                (no ring)

@: brilliant, hasted, very quick
A: almost no armour, stealthy swim, amphibious, 8 rings, constrict 8, camouflage
1, agile 1, berserk 1, blurry vision 1, poison resistance, gelatinous body 1
a: Evoke Flight


You were on level 5 of the Dungeon.
You were not hungry.

You visited 1 branch of the dungeon, and saw 5 of its levels.

You collected 276 gold pieces.

Inventory:

Hand Weapons
 b - a +0 blowgun
 c - a +4 dagger of venom
 o - a +3 long sword
 s - a +4 spear (weapon)
Missiles
 d - 23 poisoned needles
 f - 4 tomahawks (quivered)
Jewellery
 l - a ring of flight (left tentacle)
Scrolls
 e - 5 scrolls of remove curse
 g - 2 scrolls of identify
 i - 2 scrolls of amnesia
 j - 3 scrolls of magic mapping {unknown}
 k - a scroll of blinking {unknown}
 m - 2 scrolls of enchant armour {unknown}
 n - a scroll of fog {unknown}
Books
 q - a book of Minor Magic

   Spells                             Type                      Level
   a - Magic Dart                     Conjuration                  1
   b - Blink                          Translocation                2
   c - Call Imp                       Summoning                    2
   d - Slow                           Hexes                        2
   e - Conjure Flame                  Conjuration/Fire             3
   f - Mephitic Cloud                 Conjuration/Poison/Air       3
Comestibles
 a - 10 rations


   Skills:
 + Level 5.0 Fighting
 + Level 4.9 Dodging
 - Level 2.6 Stealth
 * Level 6.4 Unarmed Combat


You had 6 spell levels left.
You didn't know any spells.

Dungeon Overview and Level Annotations

Branches:
Dungeon (5/15)
 Temple: D:4-7

Altars:
Ashenzari
Dithmenos
Ru
Sif Muna
Vehumet
Xom

Annotations:
D:4 markar's ghost, amateur OgBe


Innate Abilities, Weirdness & Mutations

You cannot wear most types of armour.
You are very stealthy in the water. (Stealth+)
You are amphibious.
You can wear up to eight rings at the same time.
You can use your tentacles to constrict eight enemies at once.
Your skin changes colour to match your surroundings (Stealth+).
Your rubbery body absorbs attacks. (AC +1, EV +1)
You are agile. (Dex +2)
You tend to lose your temper in combat.
Scrolls take you a little longer to read.
Your system is resistant to poisons. (rPois)


Message History

It was a potion of haste.
You feel yourself speed up. The orc hits you with a hand axe.
The orc hits you with a dagger.
* * * LOW HITPOINT WARNING * * *
The orc closely misses you.
The orc wizard casts a spell.
The orc wizard seems to speed up.
You hit the orc wizard. You grab the orc wizard.
You squeeze the orc wizard, but do no damage.
The orc wizard is lightly wounded.
You constrict the orc wizard. The orc misses you. The orc closely misses you.
The orc wizard barely misses you. The orc hits you with a war axe!
* * * LOW HITPOINT WARNING * * *
You aren't carrying any potions.
Okay, then.
You hit the orc wizard. Your squeeze misses the orc wizard.
The orc wizard is moderately wounded.
You constrict the orc wizard, but do no damage.
The orc wizard barely misses you. The orc barely misses you.
The orc hits you with a hand axe.
You die...

#....#......#...#+
#...##..##..##....
#...#..####..#...
###.#..####..#.. #
#.##..##..##.#######..
#..#......#.[........
#..##.(..##...Z...###.
#...#..÷÷#...oooo.'%'.
#.............@oo.'#
##....÷...######o.....
#........###### .....
#.............# ....
#############.# ...
###########.# ..
#.........#.# #
#.#####.....# #.#
#.#...#


You could see 2 orc wizards, 5 orcs and a centaur skeleton.

Vanquished Creatures
  A bullfrog skeleton (D:4)
  A hound (D:5)
  An orc priest (D:3)
  An iguana (D:5)
  4 worker ants
  6 orc wizards
  7 gnolls
  10 adders
  An adder skeleton (D:5)
  2 worms
  3 dart slugs
  4 leopard geckos
  9 orcs
  2 giant cockroaches (D:2)
  22 goblins
  14 hobgoblins
  12 jackals
  A quokka (D:5)
  A ball python (D:1)
  7 bats
  6 frilled lizards
  7 kobolds
  5 rats
127 creatures vanquished.

Notes
Turn   | Place    | Note
-------+----------+-------------------------------------------
     0 | D:1      | suicidejoker the Octopode Monk began the quest for the Orb.
     0 | D:1      | Reached XP level 1. HP: 16/16 MP: 1/1
   151 | D:1      | Reached XP level 2. HP: 13/21 MP: 2/2
   790 | D:1      | Reached XP level 3. HP: 26/26 MP: 3/3
  1608 | D:2      | Reached skill level 4 in Unarmed Combat
  1608 | D:2      | Reached XP level 4. HP: 12/31 MP: 4/4
  2390 | D:3      | Reached XP level 5. HP: 22/37 MP: 5/5
  3174 | D:3      | Found a shattered altar of Ashenzari.
  3186 | D:3      | Reached skill level 5 in Unarmed Combat
  3190 | D:3      | Reached XP level 6. HP: 5/43 MP: 6/6
  4388 | D:4      | Found a shadowy altar of Dithmenos.
  4552 | D:4      | Found a shimmering altar of Xom.
  4808 | D:4      | Found a deep blue altar of Sif Muna.
  4811 | D:4      | Found a radiant altar of Vehumet.
  4814 | D:4      | Found a sacrificial altar of Ru.
  4828 | D:4      | Found a shattered altar of Ashenzari.
  4839 | D:4      | Reached XP level 7. HP: 36/49 MP: 7/7
  5321 | D:4      | Reached skill level 6 in Unarmed Combat
  5564 | D:4      | Noticed markar's ghost (amateur OgBe)
  5821 | D:5      | Entered Level 5 of the Dungeon
  6283 | D:5      | Reached skill level 5 in Fighting
  6290 | D:5      | Gained mutation: Your system is resistant to poisons. (rPois) [potion of mutation]
  6290 | D:5      | Gained mutation: Scrolls take you a little longer to read. [potion of mutation]
  6290 | D:5      | Gained mutation: You tend to lose your temper in combat. [potion of mutation]
  6290 | D:5      | Gained mutation: You are agile. (Dex +2) [potion of mutation]
  6293 | D:5      | HP: 2/50 [orc/war axe (9)]
  6294 | D:5      | Slain by an orc

Skill      XL: |  1  2  3  4  5  6  7 |
---------------+----------------------+-----
Unarmed Combat | 4 5 6 |  6.4
Dodging        | 4 |  4.9
Fighting       | 4 5 |  5.0
Stealth        | |  2.6

Action                   |  1- 3 |  4- 6 |  7- 9 || total
-------------------------+-------+-------+-------++-------
Melee: Unarmed           |    78 |   133 |    52 ||   263
       Constrict         |    21 |    41 |    19 ||    81
       Tentacles         |    10 |    25 |    18 ||    53
       Punch             |       |     3 |     4 ||     7
       Spear             |       |       |    30 ||    30
 Fire: Blowgun           |       |    53 |    10 ||    63
  Use: Potion            |       |     5 |     3 ||     8
       Scroll            |       |       |     5 ||     5
 Stab: Sleeping          |     8 |     3 |     1 ||    12
  Eat: Chunk             |     2 |     7 |     4 ||    13
       Ration            |       |     1 |       ||     1
Armor: Skin              |     7 |     8 |       ||    15
Dodge: Dodged            |    64 |   110 |    78 ||   252
